 Dungeon Crawl Stone Soup version 0.28.0-45-g0d030f2227 (webtiles) character file.

Game seed: 17896833931025058594

1462 Mattiprrivan the Firebug (level 8, -2/60 (62) HPs)
             Began as a Hill Orc Fire Elementalist on Apr 3, 2022.
             Was a Priest of Wu Jian.
             Slain by an orc
             ... wielding a +0 hand axe
              (6 damage)
             ... on level 7 of the Dungeon.
             The game lasted 00:28:42 (7899 turns).

Mattiprrivan the Firebug (HOFE)                     Turns: 7899, Time: 00:28:43

HP:   -2/60 (62)    AC:  3    Str: 11    XL:     8   Next: 77%
MP:   4/13          EV: 12    Int: 17    God:    Wu Jian [***...]
Gold: 319           SH:  0    Dex: 11    Spells: 7/14 levels left

rFire   . . .      SeeInvis .   k - +2 flail (drain)
rCold   . . .      Faith    .   (no shield)
rNeg    . . .      Spirit   .   a - +0 robe
rPois   .          Reflect  .   (no helmet)
rElec   .          Harm     .   (no cloak)
rCorr   .          Rampage  .   f - +0 pair of gloves
Will    +....                   (no boots)
Stlth   ++........              (no amulet)
HPRegen 0.20/turn               j - ring of willpower
MPRegen 0.13/turn               (no ring)

@: about to teleport, lightly drained
A: no striking features
a: Renounce Religion, Wall Jump, Serpent's Lash


You were on level 7 of the Dungeon.
You worshipped Wu Jian.
Wu Jian was most pleased with you.
You visited 1 branch of the dungeon, and saw 7 of its levels.

You collected 319 gold pieces.

Inventory:

Hand Weapons
 d - a +2 vampiric short sword
 k - a +2 flail of draining (weapon)
Missiles
 c - 14 poisoned darts
 i - 2 curare-tipped darts
Armour
 a - a +0 robe (worn)
 f - a +0 pair of gloves (worn)
Jewellery
 j - a ring of willpower (left hand)
Wands
 m - a wand of paralysis (5)
 p - a wand of polymorph (8)
Scrolls
 b - 2 scrolls of amnesia
 g - 2 scrolls of torment
 l - a scroll of teleportation
Potions
 e - a potion of brilliance
 h - a potion of might
 n - a potion of invisibility


   Skills:
 * Level 2.9 Fighting
 * Level 2.5 Short Blades
 * Level 3.1 Maces & Flails
 * Level 3.4 Throwing
 * Level 3.1 Armour
 * Level 2.6 Dodging
 * Level 3.1 Stealth
 * Level 3.5 Spellcasting
 * Level 2.6 Conjurations
 * Level 5.1 Fire Magic
 * Level 1.2 Evocations


You had 7 spell levels left.
You knew the following spells:

 Your Spells              Type           Power      Damage    Failure   Level
a - Foxfire               Conj/Fire      64%        2x1d7     3%          1
b - Scorch                Fire           40%        2d7       3%          2
c - Flame Wave            Conj/Fire      16%        2d6       32%         4

Your spell library contained the following spells:

 Spells                   Type           Power      Damage    Failure   Level
 Conjure Flame            Conj/Fire      16%        6-21      10%         3
 Inner Flame              Hex/Fire       11%        N/A       17%         3


Dungeon Overview and Level Annotations

Branches:
Dungeon (7/15)             Temple (0/1) D:7

Altars:
Ashenzari
Wu Jian


Message History

The orc warrior is moderately wounded.
You conjure some foxfire!
The foxfire hits the orc warrior but does no damage.
The orc warrior is moderately wounded.
The foxfire hits the orc warrior.
The orc warrior is heavily wounded.
The orc warrior hits you with a +0 battleaxe!!
The orc warrior barely misses your foxfire.
You hit the orc warrior but do no damage.
You drain the orc warrior.
The orc warrior is heavily wounded.
The foxfire hits the orc warrior.
The orc warrior is heavily wounded.
The foxfire hits the orc warrior but does no damage.
The orc warrior is heavily wounded.
The orc hits you with a +0 hand axe. The orc warrior closely misses you.
You closely miss the orc warrior.
The orc warrior is heavily wounded.
The orc hits you but does no damage. The orc warrior misses you.
You hit the orc warrior. You drain the orc warrior.
The orc warrior is almost dead.
The orc hits you with a +0 hand axe. The orc warrior misses you.
Your magical contamination has completely faded away.
You hit the orc warrior but do no damage.
You drain the orc warrior.
The orc warrior is almost dead.
The orc hits you with a +0 hand axe. The orc warrior closely misses you.
The orc hits you with a +0 hand axe.
The orc warrior hits you with a +0 battleaxe!
* * * LOW HITPOINT WARNING * * *
You hit the orc warrior but do no damage.
You drain the orc warrior.
The orc warrior is almost dead.
The orc warrior hits you with a +0 battleaxe.
* * * LOW HITPOINT WARNING * * *
The orc hits you with a +0 hand axe.
* * * LOW HITPOINT WARNING * * *
As you read the scroll of teleportation, it crumbles to dust.
You feel strangely unstable. The orc hits you with a +0 hand axe.
You die...

#..............#........#..
#..............'........#..
#..............#........#..
#..............##'#######..
##
#....................[..#..
.#
#................(......#..
.#
#.......................#..
.*
#............)..........#..
.*
#.........@o))..........#..
**
#..........o............###
#.......##########'###...,,
#.......#,,,,,,,,,,,,*,,,,,
#.......#,,,,,,,,,,,,*,,,,,
#########,,,,,,,,,,,,*,,,,,
*,,,,,,,,,,,,,******
******+**,,,,,*
**,,**,**,,,,,**


You could see an orc warrior (drained) and an orc.

Vanquished Creatures
  Sigmund (D:2)
  Duvessa (D:6)
  A water moccasin (D:6)
  An ice beast (D:6)
  3 ogres
  A centaur (D:6)
  A phantom (D:6)
  A scorpion (D:6)
  Dowan (D:6)
  A wight (D:7)
  A howler monkey (D:5)
  A bullfrog zombie (D:6)
  2 jellies (D:6)
  Crazy Yiuf (D:4)
  An iguana (D:3)
  An orc wizard (D:5)
  A killer bee zombie (D:6)
  2 hound skeletons
  A howler monkey zombie (D:6)
  3 gnolls (D:6)
  5 adders
  A white imp (D:6)
  2 worms
  11 orcs
  7 endoplasms
  A giant cockroach (D:4)
  7 goblins
  8 hobgoblins
  7 jackals (D:4)
  5 quokkas
  8 ball pythons
  6 bats
  4 frilled lizards
  9 kobolds
  5 rats
112 creatures vanquished.

Vanquished Creatures (others)
  246 foxfires
  7 toadstools (D:1)
253 creatures vanquished.

Grand Total: 365 creatures vanquished

Notes
Turn   | Place    | Note
-------+----------+-------------------------------------------
     0 | D:1      | Mattiprrivan the Hill Orc Fire Elementalist began the quest
                  | for the Orb.
     0 | D:1      | Reached XP level 1. HP: 14/14 MP: 3/3
   228 | D:1      | Reached XP level 2. HP: 20/20 MP: 0/4
   231 | D:1      | Learned a level 2 spell: Scorch
   276 | D:1      | Found a faded altar of an unknown god.
   281 | D:1      | Prayed at the altar of an unknown god.
   281 | D:1      | Became a worshipper of the Wu Jian Council
   281 | D:1      | Reached * piety under Wu Jian
  1247 | D:2      | Reached XP level 3. HP: 27/27 MP: 2/5
  1579 | D:2      | Noticed Sigmund
  1587 | D:2      | Killed Sigmund
  1588 | D:2      | Reached skill level 1 in Fighting
  1588 | D:2      | Reached skill level 1 in Maces & Flails
  1588 | D:2      | Reached skill level 1 in Throwing
  1588 | D:2      | Reached skill level 1 in Armour
  1588 | D:2      | Reached skill level 4 in Fire Magic
  1588 | D:2      | Reached XP level 4. HP: 17/35 MP: 0/7
  1588 | D:2      | Reached XP level 5. HP: 20/40 MP: 0/8
  1794 | D:2      | Reached ** piety under Wu Jian
  1983 | D:3      | Reached skill level 1 in Short Blades
  2146 | D:3      | Learned a level 4 spell: Flame Wave
  2293 | D:3      | Reached XP level 6. HP: 31/47 MP: 1/9
  4057 | D:4      | Found a runed translucent door.
  4058 | D:4      | Noticed Crazy Yiuf
  4063 | D:4      | Killed Crazy Yiuf
  4064 | D:4      | Reached XP level 7. HP: 35/52 MP: 6/11
  4446 | D:5      | Entered Level 5 of the Dungeon
  4590 | D:5      | Reached *** piety under Wu Jian
  5756 | D:6      | Noticed Duvessa
  5758 | D:6      | Noticed Dowan
  5771 | D:6      | Killed Duvessa
  5774 | D:6      | Killed Dowan
  5775 | D:6      | Reached XP level 8. HP: 20/61 MP: 7/12
  7123 | D:6      | Reached skill level 5 in Fire Magic
  7123 | D:6      | Reached skill level 1 in Evocations
  7495 | D:7      | Found a staircase to the Ecumenical Temple.
  7806 | D:7      | Found a broken altar of Ashenzari.
  7899 | D:7      | Slain by an orc

Illustrated notes

Levels and vault maps discovered:
D:1:      nagdon_arrival_double_spiral, layout_loops_cross,
          ebering_ecumenical_altar_box
D:2:      layout_rooms, kennysheep_generic_room_9, uniq_sigmund
D:3:      layout_rooms
D:4:      layout_layer_cave, uniq_crazy_yiuf_cottage
D:5:      layout_loops_ring, st_stairs_6, chequers_jeans
D:6:      layout_cave_pods, corexii_leaking_fountain, dk_rats_in_the_wall,
          uniq_duvessa
D:7:      layout_gridville, mainiacjoe_overflow_cross_hatched, temple_statues

Skill      XL: |  1  2  3  4  5  6  7  8 |
---------------+-------------------------+-----
Spellcasting   | 2 3 |  3.5
Fighting       | 1 2 |  2.9
Maces & Flails | 1 2 3 |  3.1
Throwing       | 1 3 |  3.4
Armour         | 1 2 3 |  3.1
Dodging        | 2 |  2.6
Stealth        | 2 3 |  3.1
Fire Magic     | 4 5 |  5.1
Short Blades   | 1 2 |  2.5
Conjurations   | 2 |  2.6
Evocations     | 1 |  1.2

Action                   |  1- 3 |  4- 6 |  7- 9 || total
-------------------------+-------+-------+-------++-------
Melee: Unarmed           |     1 |       |       ||     1
       Club              |    13 |       |       ||    13
       Short sword       |    12 |    37 |       ||    49
       Flail             |       |    24 |    74 ||    98
       Punch             |       |     1 |     3 ||     4
 Cast: Foxfire           |    46 |    39 |    54 ||   139
       Scorch            |     7 |     9 |    18 ||    34
       Flame Wave        |       |     1 |     1 ||     2
Invok: Lunge             |     4 |     7 |     4 ||    15
       Whirlwind         |       |    10 |     8 ||    18
Evoke: Wand              |       |       |     3 ||     3
  Use: Potion            |     3 |     2 |     4 ||     9
       Scroll            |     3 |     6 |     9 ||    18
 Stab: Sleeping          |     4 |     1 |       ||     5
       Paralysed         |       |       |    13 ||    13
       Distracted        |       |       |     1 ||     1
Armor: Robe              |     7 |    11 |    13 ||    31
Dodge: Dodged            |    17 |    42 |    69 ||   128
